 Dungeon Crawl Stone Soup version 0.18-a0-965-g9200175 (webtiles) character file.

92 M4edhros the Sneak (level 4, -2/28 HPs)
             Began as an Octopode Artificer on Jan 1, 2016.
             Killed from afar by an orc wizard (10 damage)
             ... with a magic dart
             ... on level 4 of the Dungeon.
             The game lasted 00:04:14 (1493 turns).

M4edhros the Sneak (Octopode Artificer)             Turns: 1493, Time: 00:04:14

Health: -2/28      AC:  1    Str: 10    XL:     4   Next: 60%
Magic:  6/6        EV: 12    Int: 15    God:
Gold:   50         SH:  3    Dex: 12    Spells: 0 memorised, 3 levels left

rFire  . . .     SeeInvis .     a - +0 short sword
rCold  . . .     Gourm    .     l - +0 buckler
rNeg   . . .     Faith    .     (helmet restricted)
rPois  .         Spirit   .     (no amulet)
rElec  .         Dismiss  .     (no ring)
rCorr  .         Reflect  .     (no ring)
SustAt .         Harm     .     (no ring)
MR     .....                    (no ring)
Stlth  ++++......               (no ring)
                                (no ring)
                                (no ring)
                                (no ring)

@: not resistant to hostile enchantments, stealthy
A: almost no armour, amphibious, 8 rings, constrict 8, camouflage 1, gelatinous
body 1
a: no special abilities


You were on level 4 of the Dungeon.
You were near starving.

You visited 1 branch of the dungeon, and saw 4 of its levels.

You collected 50 gold pieces.

Inventory:

Hand Weapons
 a - a +0 short sword (weapon)
 m - a +3 quarterstaff of chaos
Missiles
 h - 11 stones (quivered)
 i - 22 sling bullets
Armour
 l - a +0 buckler (worn)
Jewellery
 n - an uncursed amulet of faith {unknown}
Wands
 b - a wand of flame (6/48)
 c - a wand of enslavement (7/24)
 d - a wand of random effects (5/48)
 j - a wand of frost (22/48)
Scrolls
 e - a scroll of blinking {unknown}
 g - a scroll of identify {unknown}
Comestibles
 f - 2 bread rations
 k - a meat ration


   Skills:
 - Level 1.0 Fighting
 - Level 1.0 Short Blades
 * Level 3.2 Dodging
 * Level 4.1 Stealth
 + Level 0.6 Shields
 + Level 3.7 Evocations


You had 3 spell levels left.
You didn't know any spells.

Dungeon Overview and Level Annotations

Branches:
Dungeon (4/15)
 Temple: D:4-7

Altars:


Innate Abilities, Weirdness & Mutations

You cannot wear most types of armour.
You are amphibious.
You can wear up to eight rings at the same time.
You can use your tentacles to constrict eight enemies at once.
Your skin changes colour to match your surroundings (Stealth).
Your rubbery body absorbs attacks (AC +1).


Message History

Your giant gecko barely misses the orc wizard.
The orc wizard gestures wildly while chanting.
The orc wizard seems to speed up.
Your giant gecko barely misses the orc wizard.
You feel yourself speed up.
There is a stone staircase leading down here.
Something barely misses the orc wizard.
Your giant gecko barely misses the orc wizard.
Found a scroll labeled SUNOUHEKHLI.
Your giant gecko bites the orc wizard.
Found a stone staircase leading up.
Your giant gecko bites the orc wizard but does no damage.
Found a stone staircase leading down.
The orc wizard is no longer moving quickly.
Found a grey potion.
The orc wizard casts a spell.
The orc wizard blinks!
The orc wizard casts a spell at you. The magic dart hits you!
You die...

#....## #..........# #.
#....# #..........# ..
##...# #..........#.##
##.## ##...###.#....#
#.### ##.....##.#...## #
#...# #.......#...#..# #
#.#..###.......##..##..##
#.##...........##..# #.#.
#<# ####@.O§..###.####.#l
#.# ##.[............#.
#.# #.......##.######.
#.. #..........## ##. #..
#........#...####.? ....
...#...o.###<....l.#
....!.####....# ##.######
...... ####.# #.# #. #..


You could see an ogre and an orc wizard.

Vanquished Creatures
  An orc wizard (D:4)
  A hound zombie (D:3)
  3 adders
  A worm (D:4)
  A giant gecko (D:2)
  4 orcs (D:4)
  A ball python (D:2)
  A giant cockroach (D:1)
  3 hobgoblins
  2 bats
  A giant newt (D:1)
  3 rats (D:1)
22 creatures vanquished.

Vanquished Creatures (others)
  A worker ant (D:4)
  4 orcs
5 creatures vanquished.

Grand Total: 27 creatures vanquished

Notes
Turn   | Place    | Note
--------------------------------------------------------------
     0 | D:1      | M4edhros the Octopode Artificer began the quest for the Orb.
     0 | D:1      | Reached XP level 1. HP: 13/13 MP: 3/3
   285 | D:1      | Reached XP level 2. HP: 18/18 MP: 4/4
   392 | D:3      | Reached XP level 3. HP: 17/23 MP: 5/5
   947 | D:4      | HP: 1/23 [orc wizard/magic dart (10)]
   948 | D:4      | Reached XP level 4. HP: 1/28 MP: 6/6
   968 | D:4      | Reached skill level 4 in Stealth
  1332 | D:4      | Noticed Crazy Yiuf
  1336 | D:4      | Noticed Crazy Yiuf
  1336 | D:4      | Crazy Yiuf changed into Crazy Yiuf the worm
  1341 | D:4      | Killed Crazy Yiuf the worm
  1406 | D:4      | Noticed a phantom
  1428 | D:4      | Noticed an ogre
  1493 | D:4      | Killed from afar by an orc wizard

Vault maps used:
D:1:      scummos_arrival_forest
D:2:      tgw_kikubaaqudgha
D:3:      first_bread
D:4:      lightli_corner_chamber, uniq_crazy_yiuf_cottage

Action                   |  1- 3 |  4- 6 || total
-------------------------+-------+-------++-------
Melee: Short sword       |    26 |     8 ||    34
Evoke: Wand              |     4 |    23 ||    27
  Use: Potion            |     1 |       ||     1
 Stab: Sleeping          |     6 |     1 ||     7
